 Dungeon Crawl Stone Soup version 0.30.0-15-g856e2d3f33 (webtiles) character file.

Game seed: 15239946518804832652

39 zazu2006 the Fighter (level 3, -3/38 HPs)
             Began as a Gnoll Wanderer on May 20, 2023.
             Slain by Robin
             ... wielding a +5 spectral club
              (7 damage)
             ... on level 1 of the Dungeon.
             The game lasted 00:01:52 (969 turns).

zazu2006 the Fighter (Gnoll Wanderer)                Turns: 969, Time: 00:01:53

Health: -3/38      AC:  3    Str: 13    XL:     3   Next: 45%
Magic:  7/7        EV: 11    Int: 13    God:
Gold:   48         SH:  0    Dex:  9    Spells: 7/7 levels left

rFire   . . .        a - +1 quarterstaff
rCold   . . .        (shield currently unavailable)
rNeg    . . .        e - +0 leather armour
rPois   .            h - +0 hat
rElec   .            (no cloak)
rCorr   .            (no gloves)
SInv    .            (no boots)
Will    .....        (no amulet)
Stlth   ++           (no ring)
HPRegen 0.26/turn    (no ring)
MPRegen 0.10/turn

%: no passive effects
@: no status effects
A: fangs 1, strong nose, distributed training
a: no special abilities


You were on level 1 of the Dungeon.
You visited 1 branch of the dungeon, and saw 2 of its levels.

You collected 48 gold pieces.

Inventory:

Hand Weapons
 a - a +1 quarterstaff (weapon)
Armour
 e - a +0 leather armour (worn)
 h - a +0 hat (worn)
Scrolls
 f - a scroll of poison {unknown}
 g - a scroll of magic mapping {unknown}
Potions
 b - a potion of heal wounds
 c - a potion of haste
 d - a potion of attraction
 i - 2 potions of resistance {unknown}
 j - a potion of degeneration {unknown}


   Skills:
 + Level 8.5 Fighting
 + Level 0.9 Short Blades
 + Level 0.9 Long Blades
 + Level 0.9 Axes
 + Level 0.9 Maces & Flails
 + Level 0.9 Polearms
 + Level 2.6 Staves
 + Level 0.9 Ranged Weapons
 + Level 0.9 Throwing
 + Level 2.6 Armour
 + Level 0.9 Dodging
 + Level 2.4 Stealth
 + Level 0.9 Shields
 + Level 4.5 Unarmed Combat
 + Level 2.8 Spellcasting
 + Level 0.6 Conjurations
 + Level 0.6 Hexes
 + Level 0.6 Summonings
 + Level 0.6 Necromancy
 + Level 0.6 Translocations
 + Level 0.6 Transmutations
 + Level 0.6 Fire Magic
 + Level 0.6 Ice Magic
 + Level 0.6 Air Magic
 + Level 0.6 Earth Magic
 + Level 0.6 Poison Magic
 + Level 1.0 Invocations
 + Level 0.9 Evocations


You had 7 spell levels left.
You didn't know any spells.
Your spell library was empty.

Dungeon Overview and Level Annotations

Branches:
Dungeon (2/15)

Altars:

Annotations:
D:1 Robin


Innate Abilities, Weirdness & Mutations

You have very sharp teeth.
Your uncanny sense of smell can sniff out nearby items.
Your experience applies equally to all skills.


Message History

Robin throws the goblin at you! The goblin barely misses you.
You hit the goblin.
You kill the goblin!
Robin throws the goblin at you!
You closely miss the goblin. You bite the goblin, but do no damage.
The goblin closely misses you. The goblin hits you with a +0 club.
The hobgoblin shouts!
You hit the goblin but do no damage. The goblin closely misses you.
Robin says, "Kneel, worm!"
You closely miss the goblin. The goblin misses you.
You barely miss the goblin. The goblin closely misses you.
You hit the goblin.
You kill the goblin!
The hobgoblin no longer looks unusually strong.
Robin roars a battlecry!
The hobgoblin goes into a battle-frenzy!
The goblin shoots a sling bullet.
The sling bullet closely misses you.
You hit the goblin.
The goblin is almost dead.
The goblin unwields a +0 sling.
The goblin wields a +0 club.
The goblin hits you with a +0 club.
You hit the goblin.
You kill the goblin!
Robin hits you with a +5 spectral club!
You climb upwards.
There is a stone staircase leading down here.
You sock Robin!
Robin is heavily wounded.
Robin barely misses you. The +5 spectral club hits you!
A +5 spectral club comes into view.
You hit Robin but do no damage. You bite Robin, but do no damage.
Robin is heavily wounded.
The +5 spectral club hits you.
* * * LOW HITPOINT WARNING * * *
The +5 spectral club hits you.
* * * LOW HITPOINT WARNING * * *
The +5 spectral club hits you.
* * * LOW HITPOINT WARNING * * *
Robin hits you with a +5 spectral club!
You die...

#### ########## ...# #........#
##.# ##### #.#####.## ##.#
#...# #.# #.# ...# #...# #.#
#.#
#######...#############.#####.#
...........................##.#
#######(.)#############.##.##.#
................@(....#.##.##.#
###########.#.##g###.##....##.#
.#.....# #.#.##.# #.########.#
.#.###.# #.#..#.# #.# #.#
.#.#.#.####.#.##.# #.# #.#
.#.#.#...........###.# #.#
...#.###....#........# #.#
...#..........##.############.#
##.#.###....#.#...............#


You could see a +5 spectral club and Robin.

Vanquished Creatures
  An adder (D:2)
  A dart slug (D:1)
  A bat (D:1)
  An endoplasm (D:1)
  8 goblins
  2 hobgoblins (D:1)
  3 jackals (D:1)
  2 quokkas (D:2)
  2 frilled lizards (D:1)
  A kobold (D:1)
  3 rats (D:1)
25 creatures vanquished.

Notes
Turn   | Place    | Note
-------+----------+-------------------------------------------
     0 | D:1      | zazu2006 the Gnoll Wanderer began the quest for the Orb.
     0 | D:1      | zazu2006 set off with the following items: a +1
                  | quarterstaff, a potion of heal wounds, a potion of haste, a
                  | potion of attraction, a +0 leather armour.
     0 | D:1      | Reached XP level 1. HP: 26/26 MP: 4/4
   130 | D:1      | Reached XP level 2. HP: 32/33 MP: 5/5
   803 | D:2      | Reached XP level 3. HP: 30/38 MP: 7/7
   887 | D:2      | Noticed Robin
   901 | D:1      | Reached skill level 1 in Invocations
   969 | D:1      | Slain by Robin

Illustrated notes

Levels and vault maps discovered:
D:1:      matt_arrival_diagonals, layout_basic
D:2:      layout_basic, basic_altar, basic_ecumenical_altar, uniq_robin

Skill      XL: |  1  2  3 |
---------------+----------+-----
Invocations    | 1 |  1.0
Fighting       | |  8.5
Short Blades   | |  0.9
Long Blades    | |  0.9
Axes           | |  0.9
Maces & Flails | |  0.9
Polearms       | |  0.9
Staves         | |  2.6
Ranged Weapons | |  0.9
Throwing       | |  0.9
Armour         | |  2.6
Dodging        | |  0.9
Stealth        | |  2.4
Shields        | |  0.9
Unarmed Combat | |  4.5
Spellcasting   | |  2.8
Conjurations   | |  0.6
Hexes          | |  0.6
Summonings     | |  0.6
Necromancy     | |  0.6
Translocations | |  0.6
Transmutations | |  0.6
Fire Magic     | |  0.6
Ice Magic      | |  0.6
Air Magic      | |  0.6
Earth Magic    | |  0.6
Poison Magic   | |  0.6
Evocations     | |  0.9

Action                     || total
---------------------------++-------
  Melee: Quarterstaff      ||    59
         Bite              ||     6
   Stab: Sleeping          ||     1
 Armour: Leather armour    ||    10
  Dodge: Dodged            ||    33
